 Dungeon Crawl Stone Soup version 0.19-a0-743-ge0d55e4 (webtiles) character file.

1452 qqqbard the Basher (level 8, -1/68 HPs)
             Began as a Minotaur Fighter on June 23, 2016.
             Was an Initiate of the Shining One.
             Slain by an orc warrior
             ... wielding a +0 short sword
              (17 damage)
             ... on level 6 of the Dungeon.
             The game lasted 00:05:48 (4174 turns).

qqqbard the Basher (Minotaur Fighter)               Turns: 4174, Time: 00:05:49

Health: -1/68      AC:  7    Str: 22    XL:     8   Next: 47%
Magic:  7/7        EV: 10    Int:  5    God:    the Shining One [......]
Gold:   105        SH: 10    Dex: 11    Spells: 0 memorised, 7 levels left

rFire  . . .     SeeInvis .     x - +0 flail (holy)
rCold  . . .     Gourm    .     b - +0 scale mail
rNeg   . . .     Faith    .     c - +0 shield
rPois  .         Spirit   .     (helmet restricted)
rElec  .         Dismiss  .     (no cloak)
rCorr  .         Reflect  .     (no gloves)
SustAt .         Harm     .     (no boots)
MR     .....                    (no amulet)
Stlth  ..........               (no ring)
                                (no ring)

@: glowing, not resistant to hostile enchantments, extremely unstealthy
A: retaliatory headbutt, horns 2
a: Renounce Religion


You were on level 6 of the Dungeon.
You worshipped the Shining One.
The Shining One was noncommittal.
You were hungry.

You visited 2 branches of the dungeon, and saw 7 of its levels.

You collected 267 gold pieces.
You spent 162 gold pieces at shops.

Inventory:

Hand Weapons
 x - a +0 flail of holy wrath (weapon)
Armour
 b - a +0 scale mail (worn)
 c - a +0 shield (worn)
Jewellery
 j - an uncursed ring of wizardry
Wands
 C - a wand of paralysis (19/24)
 I - a wand of slowing (21/48)
Scrolls
 a - 2 scrolls of remove curse {unknown}
 l - 2 scrolls of random uselessness {unknown}
 m - 3 scrolls of fog
 o - 2 scrolls of teleportation
 q - 2 scrolls of enchant armour {unknown}
 u - 3 scrolls of immolation
 v - a scroll of fear {unknown}
 y - 2 scrolls of holy word {unknown}
 A - a scroll of enchant weapon {unknown}
 B - 2 scrolls of magic mapping {unknown}
 F - a scroll of blinking
 G - 4 scrolls of identify
 H - a scroll of amnesia {unknown}
Potions
 d - a potion of might
 e - a potion of beneficial mutation {unknown}
 g - a potion of invisibility {unknown}
 h - a potion of flight {unknown}
 i - a potion of haste {unknown}
 k - a potion of cancellation {unknown}
 p - 3 potions of heal wounds {unknown}
 s - 3 potions of curing {unknown}
 t - a potion of resistance {unknown}
 w - a potion of degeneration {unknown}
 z - a potion of magic {unknown}
 D - a potion of mutation {unknown}
Comestibles
 f - 3 bread rations
 n - a royal jelly
 r - 2 fruits
 E - a meat ration
 J - a chunk of flesh


   Skills:
 + Level 5.2 Fighting
 + Level 9.2 Maces & Flails
 + Level 5.2 Armour
 * Level 4.9 Dodging
 + Level 5.7 Shields


You had 7 spell levels left.
You didn't know any spells.

Dungeon Overview and Level Annotations

Branches:
Dungeon (6/15)             Temple (1/1) D:5

Altars:
Ashenzari
Cheibriados
Dithmenos
Elyvilon
Fedhas
Gozag
Hepliaklqana
Kikubaaqudgha
Makhleb
Nemelex Xobeh
Okawaru
Pakellas
Qazlal
Ru
Sif Muna
Trog
Uskayaw
Vehumet
Xom
Yredelemnul
Zin
The Shining One

Shops:
D:5 %?:*


Innate Abilities, Weirdness & Mutations

You reflexively headbutt those who attack you in melee.
You have a pair of horns on your head.


Message History

The orc warrior is moderately wounded.
You block the orc warrior's attack. You block the orc's attack.
You hit the orc warrior but do no damage.
The orc warrior is moderately wounded.
The orc warrior hits you with a short sword.
The orc closely misses you.
You sock the orc warrior!
The orc warrior is heavily wounded.
The orc warrior hits you with a short sword!
* * * LOW HITPOINT WARNING * * *
The orc closely misses you.
Your shield and scale mail prevent you from hitting the orc warrior.
The orc warrior is heavily wounded.
The orc warrior hits you with a short sword.
* * * LOW HITPOINT WARNING * * *
The orc hits you but does no damage.
You thump the orc warrior!
The orc warrior is almost dead.
The orc warrior hits you with a short sword!
You die...

#.##................# #.
#.........#.####. #
#.........#
####.##....#....# ###.
#..........(....# ......
####.##....##...##...#.#
#...##....#............
.#...#.................
..............o@.....# #
##...#........#o#....#.#
#..(...................
###.#........##.....#.
#####.#........[)[>...#
............##.####...#
...............# ...#
#.###.##.......o........
#. ##.#.##.....#....#


You could see an orc warrior and an orc.

Vanquished Creatures
  Pikel (D:6)
  The ghost of mamga the Cleaver, a novice MiMo of Hepliaklqana (D:5)
  A sky beast (D:5)
  2 slaves (D:6)
  2 phantoms (D:4)
  An ogre (D:5)
  A jelly (D:5)
  2 howler monkeys (D:4)
  2 crimson imps
  A giant frog skeleton (D:5)
  An orc priest (D:6)
  An adder (D:2)
  A howler monkey skeleton (D:4)
  An ooze (D:3)
  A dart slug (D:1)
  3 orcs
  4 bats
  6 giant cockroaches
  7 goblins
  4 hobgoblins
  6 jackals (D:1)
  5 quokkas
  A ball python (D:4)
  A giant gecko skeleton (D:5)
  6 giant newts
  A goblin zombie (D:4)
  2 hobgoblin zombies (D:4)
  7 kobolds
  A kobold skeleton (D:4)
  An orc skeleton (D:4)
  An orc zombie (D:4)
  8 rats
83 creatures vanquished.

Vanquished Creatures (others)
  A slave (D:6)
1 creature vanquished.

Grand Total: 84 creatures vanquished

Notes
Turn   | Place    | Note
--------------------------------------------------------------
     0 | D:1      | qqqbard the Minotaur Fighter began the quest for the Orb.
     0 | D:1      | Reached XP level 1. HP: 19/19 MP: 0/0
    39 | D:1      | Reached skill level 3 in Maces & Flails
    45 | D:1      | Reached XP level 2. HP: 17/26 MP: 1/1
   443 | D:1      | Reached skill level 4 in Maces & Flails
   779 | D:1      | Reached XP level 3. HP: 25/31 MP: 2/2
  1351 | D:2      | Found a snail-covered altar of Cheibriados.
  1352 | D:2      | Found a stormy altar of Qazlal.
  1491 | D:2      | Reached skill level 5 in Maces & Flails
  1623 | D:2      | Found a bloodstained altar of Trog.
  1899 | D:3      | Reached XP level 4. HP: 37/39 MP: 3/3
  2282 | D:3      | Found a blossoming altar of Fedhas.
  2460 | D:4      | Reached skill level 6 in Maces & Flails
  2496 | D:4      | Noticed a phantom
  2496 | D:4      | Noticed a phantom
  2508 | D:4      | Killed a phantom
  2508 | D:4      | Reached skill level 7 in Maces & Flails
  2508 | D:4      | Reached XP level 5. HP: 38/45 MP: 4/4
  2516 | D:4      | Killed a phantom
  2516 | D:4      | Reached XP level 6. HP: 33/51 MP: 5/5
  2555 | D:4      | Reached skill level 8 in Maces & Flails
  2587 | D:4      | Found a glowing golden altar of the Shining One.
  2598 | D:4      | Became a worshipper of the Shining One
  3075 | D:5      | Entered Level 5 of the Dungeon
  3086 | D:5      | Reached skill level 1 in Dodging
  3133 | D:5      | Found Eveo's General Store.
  3141 | D:5      | Bought a scroll of blinking for 97 gold pieces
  3141 | D:5      | Bought a scroll of teleportation for 39 gold pieces
  3141 | D:5      | Bought a scroll of identify for 26 gold pieces
  3223 | D:5      | Reached XP level 7. HP: 20/58 MP: 6/6
  3424 | D:5      | Found Weplienn's Book Shoppe.
  3525 | D:5      | Noticed mamga's ghost (novice MiMo)
  3545 | D:5      | Killed mamga's ghost
  3576 | D:5      | Found Riotos's Magic Scroll Boutique.
  3578 | D:5      | Found Pynytzaf's Food Emporium.
  3733 | D:5      | Found a shadowy altar of Dithmenos.
  3749 | D:5      | Reached skill level 5 in Shields
  3766 | D:5      | Found a staircase to the Ecumenical Temple.
  3841 | Temple   | Entered the Ecumenical Temple
  4135 | D:6      | Noticed Pikel
  4159 | D:6      | Killed Pikel
  4159 | D:6      | Reached skill level 5 in Fighting
  4159 | D:6      | Reached skill level 9 in Maces & Flails
  4159 | D:6      | Reached skill level 5 in Armour
  4159 | D:6      | Reached XP level 8. HP: 35/68 MP: 7/7
  4174 | D:6      | Slain by an orc warrior

Vault maps used:
D:1:      dpeg_arrival_pits
D:2:      gammafunk_temple_overflow_statue, trog_butcher_becter
D:3:      minmay_misc_feat_tiny, fedhas_altar_4
D:4:      nicolae_tso_besieged_by_evil
D:5:      nicolae_dithmenos_through_a_glass_darkly, first_bread, serial_shops,
          nicolae_shop_behind_doors, nicolae_shop_trees, shop, shop
D:6:      fountainhead, roderic_batcave, elyvilon_altar_5, uniq_eustachio,
          uniq_pikel
Temple:   regret_index_temple_mists

Skill      XL: |  1  2  3  4  5  6  7 |
---------------+----------------------+-----
Maces & Flails | 3 4 5 7 8 9 |  9.2
Dodging        | 1 4 |  4.9
Shields        | 4 5 |  5.7
Fighting       | 5 |  5.2
Armour         | 5 |  5.2

Action                   |  1- 3 |  4- 6 |  7- 9 || total
-------------------------+-------+-------+-------++-------
Melee: Flail             |   120 |    76 |    60 ||   256
       Headbutt          |    13 |    17 |     9 ||    39
  Use: Scroll            |       |     3 |       ||     3
  Eat: Chunk             |     3 |     4 |     3 ||    10
Armor: Scale mail        |    54 |    23 |    14 ||    91
Dodge: Dodged            |    38 |    17 |    15 ||    70
Block: Shield            |    80 |    23 |    29 ||   132
